 Dungeon Crawl Stone Soup version 0.18.1-5-g4a78601 (webtiles) character file.

86 ololoev the Charlatan (level 4, 0/33 HPs)
             Began as a Demonspawn Artificer on May 12, 2016.
             Succumbed to an adder's poison
             ... on level 2 of the Dungeon.
             The game lasted 00:03:11 (1914 turns).

ololoev the Charlatan (Demonspawn Artificer)        Turns: 1914, Time: 00:03:12

Health: 0/33       AC:  6    Str: 13    XL:     4   Next: 27%
Magic:  6/6        EV: 17    Int: 11    God:
Gold:   110        SH:  0    Dex: 18    Spells: 0 memorised, 3 levels left

rFire  . . .     SeeInvis .     a - +0 short sword
rCold  . . .     Gourm    .     b - +0 leather armour
rNeg   . . .     Faith    .     (no shield)
rPois  .         Spirit   .     (no helmet)
rElec  .         Dismiss  .     (no cloak)
rCorr  .         Reflect  .     (no gloves)
SustAt .         Harm     .     (no boots)
MR     .....                    (no amulet)
Stlth  +++.......               (no ring)
                                n - -2 ring of intelligence (curse)

@: agile, lethally poisoned (0 -> -8), very slightly contaminated, invisible,
not resistant to hostile enchantments, fairly stealthy
A: talons 1, yellow scales 2
a: no special abilities


Innate Abilities, Weirdness & Mutations

You have sharp toenails.
You are mostly covered in yellow scales (AC +3).

Inventory:

Hand Weapons
 a - a +0 short sword (weapon)
Armour
 b - a +0 leather armour (worn)
Jewellery
 k - an uncursed ring of ice
 n - a cursed -2 ring of intelligence (left hand)
Wands
 c - a wand of flame (8/48)
 d - a wand of enslavement (7/24)
 e - a wand of random effects (13/48)
Scrolls
 g - a scroll of teleportation {unknown}
 o - a scroll of amnesia {unknown}
Potions
 i - a potion of magic
Comestibles
 f - 2 bread rations
 j - 10 fruits
 m - a meat ration


   Skills:
 + Level 2.2 Fighting
 - Level 0.8 Short Blades
 + Level 2.0 Armour
 - Level 1.7 Dodging
 - Level 0.8 Stealth
 + Level 3.8 Evocations


You had 3 spell levels left.
You didn't know any spells.


You were on level 2 of the Dungeon.
You were not hungry.

You visited 1 branch of the dungeon, and saw 2 of its levels.

You collected 110 gold pieces.

#.... #(### #.###
############ #.#..
#..........# #(#.. .
#..........# #)#..
...##........(.### #)#..
.......g.(.......###...#
.......@................
...#..........(#.#......
#.#######'###.#.####. #
..........#......
####...########.
#...##### #.
#.......####.
#.....(......
+.............

Notes
Turn   | Place    | Note
--------------------------------------------------------------
     0 | D:1      | ololoev the Demonspawn Artificer began the quest for the Orb.
     0 | D:1      | Reached XP level 1. HP: 15/15 MP: 3/3
   310 | D:1      | Gained mutation: You are partially covered in yellow scales (AC +2). [demonic ancestry]
   310 | D:1      | Reached XP level 2. HP: 17/21 MP: 4/4
   469 | D:1      | Reached skill level 1 in Armour
   683 | D:1      | Gained mutation: You have sharp toenails. [demonic ancestry]
   683 | D:1      | Reached XP level 3. HP: 11/26 MP: 5/5
  1489 | D:2      | Gained mutation: You are mostly covered in yellow scales (AC +3). [demonic ancestry]
  1489 | D:2      | Reached XP level 4. HP: 20/33 MP: 6/6
  1913 | D:2      | HP: 1/33 [poisoned by an adder]
  1914 | D:2      | Succumbed to an adder's poison

Dungeon Overview and Level Annotations

Branches:
Dungeon (2/15)

Altars:


Message History

Your goblin barely misses the adder.
You closely miss the adder. Your kick misses the adder.
The adder is moderately wounded.
You feel sick. The adder bites you but does no damage.
The giant cockroach barely misses you. The adder closely misses you.
Your goblin hits the adder but does no damage.
Unknown command.
You closely miss the adder. Your kick misses the adder.
The adder is moderately wounded.
The giant cockroach closely misses you. The adder bites you.
Your goblin hits the adder with a dagger.
Unknown command.
You barely miss the adder. Your kick misses the adder.
The adder is heavily wounded.
You feel sick.
The giant cockroach bites you but does no damage.
The adder bites you.
You are more poisoned.
The adder poisons you!
Your goblin hits the adder with a dagger.
The adder bites you.
You are more poisoned.
The adder poisons you! The giant cockroach misses you.
You hit the adder but do no damage. Your kick misses the adder.
The adder is severely wounded.
You feel sick. The adder bites you.
You are lethally poisoned!
The adder poisons you!
The giant cockroach bites you but does no damage.
Your goblin hits the adder but does no damage.
You miss the adder.
The adder is severely wounded.
You feel sick. The adder bites you but does no damage.
The giant cockroach barely misses you.
Your goblin hits the adder but does no damage.
The adder bites you but does no damage.
Unknown command.
You hit the adder but do no damage. You claw the adder, but do no damage.
The adder is severely wounded.
You feel sick. The giant cockroach closely misses you.
Your goblin barely misses the adder.
The adder barely misses you. The giant cockroach bites you.
Unknown command.
You hit the adder. Your kick misses the adder.
The adder is almost dead.
You feel sick. The adder barely misses you.
Your goblin hits the adder with a dagger.
The adder dies!
Your Armour skill increases to level 2!
The giant cockroach closely misses you.
Drink which item? (? for menu, Esc to quit)
It was a potion of magic.
Magic courses through your body.
You feel sick. The giant cockroach barely misses you.
Drink which item? (? for menu, Esc to quit)
It was a potion of invisibility.
You fade into invisibility!
You feel sick. The giant cockroach closely misses you.
You are very lightly contaminated with residual magic.
Drink which item? (? for menu, Esc to quit)
It was a potion of agility.
You feel agile all of a sudden.
You feel sick. The giant cockroach misses you.
You hit the giant cockroach. Your kick misses the giant cockroach.
The giant cockroach is moderately wounded.
You feel sick. The giant cockroach barely misses you.
Your goblin closely misses the giant cockroach.
The giant cockroach barely misses you.
Unknown command.
You catch the helpless giant cockroach completely off-guard!
You puncture the giant cockroach!
You kill the giant cockroach!
Unknown command.
You feel sick.
You see here an adder corpse.
You butcher the adder corpse.
You feel sick.
Things that are here:
a chunk of flesh; an adder skeleton Eat a chunk of flesh? (ye/n/q/i?) This raw flesh tastes terrible.
You die...

You could see a friendly goblin.

Vanquished Creatures
  2 gnolls
  An adder (D:2)
  A worm (D:2)
  A dart slug (D:1)
  2 giant geckos (D:1)
  2 ball pythons (D:1)
  3 bats (D:1)
  A giant cockroach (D:2)
  5 goblins (D:1)
  4 hobgoblins
  2 jackals (D:1)
  6 kobolds
  5 giant newts
  4 rats (D:1)
39 creatures vanquished.

Vanquished Creatures (collateral kills)
  A gnoll (D:2)
  An adder (D:2)
2 creatures vanquished.

Vanquished Creatures (others)
  A gnoll (D:2)
1 creature vanquished.

Grand Total: 42 creatures vanquished

Action                   |  1- 3 |  4- 6 || total
-------------------------+-------+-------++-------
Melee: Short sword       |   130 |    25 ||   155
       Kick              |     8 |     5 ||    13
Evoke: Wand              |    16 |     1 ||    17
  Use: Potion            |       |     3 ||     3
 Stab: Betrayed ally     |     1 |       ||     1
       Invisible         |       |     1 ||     1
  Eat: Chunk             |     2 |     1 ||     3
Armor: Leather armour    |    63 |    11 ||    74
Dodge: Dodged            |    88 |    26 ||   114

Vault maps used:
D:1:      dpeg_arrival_oval
D:2:      bh_chokoban, uniq_sigmund
